[Event "16th Serbian Championship 2022"]
[Site "Bajina Basta"]
[Date "2022.12.07"]
[Round "2.5"]
[White "Djordjevic, Vuk"]
[Black "Ivic, Velimir"]
[Result "0-1"]
[ECO "B20"]
[WhiteElo "2394"]
[BlackElo "2560"]
[Annotator "TA"]
[PlyCount "112"]
[EventDate "2022.12.06"]
[EventType "tourn"]
[EventCountry "SRB"]
[SourceTitle "playchess.com"]
[Source "ChessBase"]
[SourceQuality "1"]
[TimeControl "40/5400+30:1800+30"]

1. e4 c5 2. g3 Nc6 3. Bg2 g6 4. Ne2 Bg7 5. c3 e5 6. d3 {[%emt 0:03:43] B20: Sicilian: Unusual White 2nd moves.} (6. f4 $5 ) 6... d6 7. Be3 Nf6 8. O-O {[%emt 0:05:15] The position is equal.} O-O 9. h3 b6 10. f4 d5 11. fxe5 Nxe5 12. Bf4 Nc6 {[%emt 0:11:35] [#]} (12... Nh5 $5 13. exd5 Nxf4 14. gxf4 Nd7 $11) 13. Qa4 $146 ({Predecessor:} 13. Bg5 dxe4 14. Nd2 h6 15. Bxf6 Bxf6 {½-½ (15) Munoz Pantoja,M (2511)-Valenzuela Gomez,F (2394) Barbera del Valles 2019}) 13... Bd7 14. Qc2 dxe4 15. dxe4 Nh5 16. Bd6 {[%emt 0:13:48] Against Qe7} Re8 {[%emt 0:01:11][%cal Od7h3] ...Bxh3! is the strong threat.} 17. g4 (17. Qb3 $2 Be6 18. Qd1 Qd7 $19) 17... Nf6 18. Bg3 Ne5 19. Na3 {[%emt 0:02:33] [#]} b5 $1 20. Rad1 {[%emt 0:01:36] aiming for Nxb5.} Qc8 ({Black should play} 20... Qe7 $1 $15) 21. Nf4 (21. Rd6 $11 h5 22. Rfxf6 (22. Rdxf6 Bxf6 23. Rxf6 hxg4 $16)) 21... h6 (21... b4 $15 22. Nd3 Nxd3 23. Qxd3 bxa3) 22. Rf2 (22. Nd3 $14 Nxd3 23. Qxd3) 22... b4 $15 23. Nb1 Nc4 (23... Bb5 $15) 24. Re1 $11 Bb5 25. a4 Ba6 26. b3 Ne5 27. c4 $1 Bb7 28. Nd2 (28. Nd5 {with more complications.} Nexg4 29. hxg4 Nxd5 30. cxd5 Qxg4 31. Rf3) 28... Nc6 (28... h5 $11 {keeps the balance.}) 29. Rff1 (29. Nd5 $16 Nd4 30. Qd1) 29... Nd4 30. Qd3 Nd7 31. Nf3 Nxf3+ (31... Ne5 $11 32. Nxe5 Bxe5) 32. Qxf3 $14 {[%emt 0:00:17] Threatens to win with Nd5.} Ne5 33. Qe2 a5 34. Kh2 Ra6 35. Rd1 Rf6 36. Qe3 (36. Rfe1 {simplifies} Rc6 37. Nd5 Ree6 38. Kh1) 36... Kh7 ({But not} 36... Qxg4 37. Qxc5 Qg5 38. Qc7 $16) (36... g5 $11 37. Nh5 Rxf1 38. Rxf1 Re6) 37. Rd2 (37. Kh1 $14 {might be stronger.}) 37... Qxg4 $11 38. Nd3 $2 {[%emt 0:00:28][%mdl 8192] White is now going downhill.} (38. Qxc5 $1 $11 Qc8 39. Qg1 (39. Qxa5 g5 $17)) 38... Rxf1 $1 $19 39. Bxe5 (39. Nxe5 Qxg3+ 40. Qxg3 Bxe5 41. Bxf1) 39... Bxe5+ 40. Nxe5 Qf4+ 41. Qxf4 Rxf4 42. Nd7 Bxe4 43. Re2 Kg7 44. Nxc5 {[%emt 0:00:00] [#]} Bc6 45. Rxe8 Bxe8 {[%emt 0:00:00][%mdl 4096] Endgame KRB-KBN} 46. Kg3 Rd4 47. Bd5 Kf6 48. Kf2 Ke5 49. Ke3 Rd1 50. Nb7 f5 51. Nxa5 g5 52. Ke2 Bh5+ 53. Kf2 Kf4 54. Nc6 Rd2+ (54... g4 $142 55. hxg4 fxg4 56. Kg2 g3 57. Ne5 Rd2+ 58. Kg1 Kxe5 59. Bg2 Rd1+ 60. Bf1 Bf3 61. a5 g2 62. Kh2 gxf1=Q 63. Kg3 Qg2+ 64. Kh4 Qh2#) 55. Kf1 Kg3 56. Nxb4 Rd1# {[%emt 0:00:00] Weighted Error Value: White=0.36/Black=0.18 (very precise)} 0-1

[Event "16th Serbian Championship 2022"]
[Site "Bajina Basta"]
[Date "2022.12.08"]
[Round "3.1"]
[White "Ivic, Velimir"]
[Black "Martic, Ivan"]
[Result "1-0"]
[ECO "D16"]
[WhiteElo "2560"]
[BlackElo "2270"]
[Annotator "TA"]
[PlyCount "87"]
[EventDate "2022.12.06"]
[EventType "tourn"]
[EventCountry "SRB"]
[SourceTitle "playchess.com"]
[Source "ChessBase"]
[SourceQuality "1"]
[TimeControl "40/5400+30:1800+30"]

1. d4 d5 2. c4 c6 3. Nf3 Nf6 4. Nc3 dxc4 5. a4 e6 6. e3 c5 7. Bxc4 Nc6 {[%emt 0:00:27] D16: Slav Defence: 5 a4: Lines with 5...Bg4 and 5...Na6.} 8. O-O Be7 9. Qe2 (9. dxc5 $5 O-O 10. e4 $14) 9... cxd4 {[%emt 0:00:52] The position is equal.} 10. exd4 O-O ({Don't play} 10... Nxd4 11. Nxd4 Qxd4 12. Nb5 $16) 11. Be3 b6 12. Rad1 Nb4 {[%emt 0:00:44] Against d5} 13. Ne5 Bb7 14. f4 g6 {[%emt 0:08:47] Against f5} 15. f5 exf5 16. Bh6 {[%emt 0:00:18] [#]} Nbd5 $146 {[%emt 0:01:16] [#]} (16... Nfd5 $1 $11 {remains equal.}) ({Predecessor:} 16... Nfd5 17. Bxf8 Bxf8 18. Rfe1 Rc8 19. Bb3 Rc7 20. Qf2 a6 21. Rc1 Bh6 22. Nxd5 Bxd5 23. Rxc7 Qxc7 24. Bxd5 Nxd5 {1-0 (54) Le,Q (2728)-Giri,A (2760) Miami 2022}) 17. Bxf8 {[%emt 0:07:41] White is much more active. The black rooks are badly placed.} (17. g4 $1 $16 ) 17... Bxf8 $11 18. Qf3 Rc8 19. h3 (19. Nxd5 $11 Bxd5 20. Bxd5 Qxd5 21. Qxd5 Nxd5 22. Rc1) 19... Bh6 $1 $15 20. Rfe1 Kg7 21. Nxd5 Nxd5 22. Qb3 (22. Qf2 $15 {should be considered.}) 22... Rc7 $17 {[%emt 0:03:18][%mdl 1024] Black has strong compensation.} 23. Bf1 Bf4 (23... Ba8 $142) 24. g3 Qg5 ({Black should try} 24... Bh6 $17) 25. Rd3 $11 Bd2 {[%emt 0:10:17] This pair of bishops is nice.} 26. h4 Qh6 27. Re2 Bc1 {[%emt 0:00:48][%mdl 8192] Black is now going downhill.} (27... Bf4 $1 $11) 28. Bg2 $18 Nf6 (28... Nf4 29. gxf4 Bxg2 30. Kxg2 Qxh4) 29. Rc3 Re7 30. Bxb7 Rxb7 31. Qd1 $2 (31. Rc8 Re7 32. Qa3) 31... Bf4 32. gxf4 Qxf4 33. Qd2 Qxh4 (33... Qxd2 {was called for.} 34. Rxd2 Ne4) 34. Rh2 Ne4 35. Rxh4 {[%emt 0:00:26] [#] White wants to mate with Qh6+.} Nxd2 36. Rh2 Ne4 37. Rc6 f6 38. Nf3 g5 39. Rhc2 {[%emt 0:02:18] White is clearly winning.} f4 (39... Rb8 $142 40. Rc7+ Kg6 41. Rxa7 h6) 40. Rc7+ Rxc7 41. Rxc7+ Kg6 42. Re7 Nd6 43. d5 g4 44. Nd4 {[%emt 0:00:35] Weighted Error Value: White=0.37/Black=0.43} 1-0

[Event "16th Serbian Championship 2022"]
[Site "Bajina Basta"]
[Date "2022.12.08"]
[Round "3.2"]
[White "Perunovic, Milos"]
[Black "Djordjevic, Vuk"]
[Result "1-0"]
[ECO "C18"]
[WhiteElo "2541"]
[BlackElo "2394"]
[Annotator "TA"]
[PlyCount "93"]
[EventDate "2022.12.06"]
[EventType "tourn"]
[EventCountry "SRB"]
[SourceTitle "playchess.com"]
[Source "ChessBase"]
[SourceQuality "1"]
[TimeControl "40/5400+30:1800+30"]

1. e4 e6 2. d4 d5 3. Nc3 Bb4 4. e5 c5 5. a3 Bxc3+ 6. bxc3 Ne7 7. Qg4 Qc7 8. Qxg7 Rg8 9. Qxh7 cxd4 10. Rb1 {[%emt 0:00:32] C18: French: 3 Nc3 Bb4: Main line: 7 h4 and 7 Qg4.} (10. Ne2 {simplifies} Nbc6 11. f4 dxc3 12. Qd3) 10... Qxe5+ 11. Ne2 dxc3 12. Bf4 {[%emt 0:01:14] [#] The position is equal.} Qh8 $146 (12... Qf6 $11) ({Predecessor:} 12... Qf6 13. h4 Nbc6 14. Bg5 Qe5 15. Rh3 d4 16. Rf3 f5 17. Qh5+ Ng6 18. Rd3 b6 {1-0 (67) Vokhidov,S (2494)-Pourramezanali,A (2519) Tashkent 2019}) 13. Qxh8 $14 {[%emt 0:08:27] White is much more active. The black rooks are badly placed.} Rxh8 14. Nxc3 Nbc6 15. Nb5 {[%emt 0:13:42] [#] Threatens to win with Nc7+.} e5 16. Nc7+ (16. Bg5 $5 Kd7 17. c4 $14) 16... Kd7 $1 17. Bxe5 Nxe5 18. Nxa8 Kd6 19. Be2 Nc4 20. Bxc4 (20. Rd1 {looks sharper.} Nb2 21. Rd2 Be6 22. c4) 20... dxc4 21. Nb6 axb6 $17 22. Rxb6+ Nc6 {[%emt 0:03:48] Hoping for ...Kc5.} (22... Kc5 $5 23. Rb1 Nd5 $15) 23. h4 Kc5 {[%emt 0:01:24][%mdl 1024] Prevents a4. Black has compensation.} 24. Rb1 Nd4 25. Kd2 Rg8 (25... Rd8 $1 $15) 26. c3 (26. h5 $5 ) 26... Nb5 {[%emt 0:01:32] [#] aiming for ...Rd8+.} 27. Rbc1 Rd8+ 28. Ke2 $132 {[%emt 0:00:37][%mdl 2048] White is not holding back} Bf5 {[%emt 0:05:04][%cal Od8d3] Strongly threatening ...Rd3!} 29. a4 Nd6 30. f3 Ra8 31. Ra1 b5 32. axb5 Re8+ (32... Rg8 $14) 33. Kf2 $16 {[%emt 0:02:58] Rhe1 is the strong threat.} Nxb5 34. g4 ({White should try} 34. Rae1 $16 Rxe1 35. Rxe1) 34... Be6 $2 (34... Bd3 $11) 35. Rac1 Nc7 36. h5 Bd5 (36... Kd6 {was worth a try.} 37. h6 Ke7) 37. h6 $18 Ne6 38. Kg3 Ng5 $2 (38... Rh8 39. Ra1 Nc7) 39. Rce1 {[%emt 0:00:19] White is clearly winning.} Rf8 40. h7 Rh8 41. Rh5 f6 42. f4 Nf7 43. Ra1 Rd8 44. Ra5+ Kc6 45. Ra6+ Kc5 46. Rxf6 Nh8 47. g5 {[%emt 0:00:00] Weighted Error Value: White=0.17 (very precise) /Black=0.40} 1-0

[Event "16th Serbian Championship 2022"]
[Site "Bajina Basta"]
[Date "2022.12.08"]
[Round "3.3"]
[White "Bogosavljevic, Boban"]
[Black "Kovacevic, Aleksandar"]
[Result "0-1"]
[ECO "D02"]
[WhiteElo "2521"]
[BlackElo "2470"]
[Annotator "TA"]
[PlyCount "102"]
[EventDate "2022.12.06"]
[EventType "tourn"]
[EventCountry "SRB"]
[SourceTitle "playchess.com"]
[Source "ChessBase"]
[SourceQuality "1"]
[TimeControl "40/5400+30:1800+30"]

1. d4 Nf6 2. Nf3 e6 3. g3 c5 4. Bg2 cxd4 5. O-O d5 6. Nxd4 e5 7. Nb3 a5 {[%emt 0:03:12] D02: 1 d4 d5 2 Nf3 sidelines, including 2...Nf6 3 g3 and 2...Nf6 3 Bf4.} (7... Be6 8. c4 Nc6 9. cxd5 Bxd5 10. Bg5 Bxg2 11. Kxg2 Qxd1 12. Rxd1 Ne4 13. Be3 Be7 14. N1d2 Nxd2 15. Rxd2 Rd8 16. Rad1 Rxd2 17. Rxd2 {½-½ (26) Bogosavljevic,B (2516)-Kovacevic,A (2510) Vrbas 2015}) 8. a4 Be6 9. Bg5 Nbd7 {[%emt 0:00:24] [#] The position is equal.} 10. f4 $146 ({Predecessor:} 10. Nc3 Be7 11. f4 exf4 12. gxf4 h6 13. Bh4 Nb6 14. e4 dxe4 15. Qxd8+ Bxd8 16. Nxe4 Nxe4 17. Bxd8 Kxd8 18. Bxe4 {½-½ (36) Martin Sanchez,C (2492)-Martin Martin,O (2457) ICCF email 2018}) 10... exf4 (10... Qb6+ {keeps more tension.} 11. Kh1 Ne4 12. Nc3 Nxc3 13. bxc3 f6) 11. gxf4 h6 {[%emt 0:01:25] Inhibits f5.} 12. Bh4 {[%emt 0:01:04] Hoping for f5.} Nb6 13. Bxf6 Qxf6 14. Nc3 Bb4 (14... Qg6 15. Qd4 Bf5 16. Nxd5 Nxd5 17. Qxd5 $16) 15. f5 (15. Nxd5 Nxd5 16. Bxd5 O-O-O $15) 15... Bxf5 (15... Bd7 $11) 16. Nb5 $14 {[%emt 0:11:32] Threatens to win with c3.} O-O-O 17. c3 Bd6 (17... Be7 $11 {remains equal.}) 18. N3d4 {[%emt 0:07:22] Pair of Knights!} (18. Nxa5 Bc5+ 19. Kh1 Qg6 $11) (18. e4 $1 $16 dxe4 19. Rxf5 $1 Bxh2+ 20. Kxh2 Qxf5 21. Nd6+ Rxd6 22. Qxd6) 18... g6 $11 19. Nxf5 gxf5 20. Qd3 (20. Bxd5 Bxh2+ $1 21. Kg2 Qg5+ 22. Kh1 Qh4 23. Na7+ Kb8) 20... Rhg8 21. Kh1 (21. Rxf5 {with more complications.} Qg6 22. Qh3 Bc5+ 23. Kh1) 21... Rg5 22. Rxf5 Rxf5 (22... Qxf5 $2 23. Bh3 $18) 23. Bh3 {[%emt 0:00:05][%mdl 64] [#] Pin} Kb8 $1 24. Qxf5 (24. Bxf5 {is interesting.} Qe5 25. Nxd6 Rxd6 26. Qg3) 24... Qxf5 25. Bxf5 Nc4 26. Bc2 Be5 27. Bb3 Ne3 {[%emt 0:05:21] Prevents Rd1.} 28. Kg1 Rg8+ 29. Kf2 Ng4+ 30. Ke1 Bxh2 {[%emt 0:00:17] Black is more active.} (30... Nxh2 31. Kd2 $11) 31. Kd2 (31. Bxd5 $2 Nf6 32. Kd2 Nxd5 $19) 31... Bf4+ 32. Kd3 Ne3 33. Nd4 Kc7 34. Rh1 Rg3 {[%emt 0:00:29] Inhibits Rh3.} 35. Rh5 {[%emt 0:01:32] White is on the road to losing.} (35. Bxd5 $15 Nxd5+ 36. Ke4) 35... Bg5 $17 36. Nf3 Ng2 37. Kc2 Kd6 38. Kb1 ({White should try} 38. Kd1) 38... Nf4 39. Rh2 Rg2 40. Rxg2 Nxg2 {[%emt 0:00:02][%mdl 4096] Endgame KBN-KBN} 41. c4 Nf4 42. e3 (42. Kc2 $142) 42... Ng2 $19 43. cxd5 Nxe3 44. Nd2 f5 45. Nc4+ $2 (45. Nf3) 45... Nxc4 $1 ({Weaker is} 45... Kxd5 46. Nxe3+ Ke4 47. Nc4 $16) 46. Bxc4 {[%emt 0:00:02] KB-KB} Ke5 47. d6 f4 {[%emt 0:04:56][%cal Of4f3] ...f3! is the strong threat.} ({Inferior is} 47... Kxd6 48. Kc2 $17) 48. Kc2 Kd4 ({And not} 48... Kxd6 49. Be2 $17) 49. Bf7 {[%emt 0:00:28] [#]} Ke3 $1 {[%emt 0:00:20] And now ...f3 would win.} 50. Kd1 $2 {[%emt 0:01:12] [#]} (50. Bd5 f3 51. b4) 50... Kf2 $1 {[%emt 0:00:05] White must now prevent ...f3.} 51. d7 f3 {[%emt 0:00:05] Weighted Error Value: White=0.41/Black=0.08 (flawless)} 0-1

[Event "16th Serbian Championship 2022"]
[Site "Bajina Basta"]
[Date "2022.12.08"]
[Round "3.4"]
[White "Perunovic, Miodrag"]
[Black "Radovanovic, Nikola"]
[Result "0-1"]
[ECO "C78"]
[WhiteElo "2417"]
[BlackElo "2414"]
[Annotator "TA"]
[PlyCount "114"]
[EventDate "2022.12.06"]
[EventType "tourn"]
[EventCountry "SRB"]
[SourceTitle "playchess.com"]
[Source "ChessBase"]
[SourceQuality "1"]
[TimeControl "40/5400+30:1800+30"]

1. e4 e5 2. Nf3 Nc6 3. Bb5 a6 4. Ba4 Nf6 5. O-O b5 6. Bb3 Bc5 7. a4 Rb8 8. c3 d6 9. d4 Bb6 10. a5 {[%emt 0:00:01] C78: Ruy Lopez: Archangelsk and Möller Defences.} Ba7 (10... Bxa5 $2 11. dxe5 (11. d5 Ne7 $18) 11... dxe5 12. Qxd8+ Kxd8 13. Bd5 (13. Bxf7 Bb6 $16) 13... Nxd5 14. exd5 $18) 11. h3 O-O 12. Re1 {[%emt 0:05:35] The position is equal.} h6 13. Be3 Ra8 14. Nbd2 Re8 15. Bc2 exd4 16. cxd4 Nb4 17. Bb1 c5 18. d5 {[%emt 0:00:47] [#]} Bb8 $146 ({Predecessor:} 18... Nd7 19. Nf1 Qf6 20. Qd2 Ne5 21. Nxe5 Qxe5 22. Ng3 Bd7 23. Ra3 Bb8 24. Bf4 Qe7 25. Nh5 Qh4 26. Nxg7 Kxg7 27. Rg3+ Kh8 28. Bxh6 Rg8 29. Qc3+ f6 30. Bg5 {1-0 (30) Martinez Alcantara,J (2620)-Moroni,L (2575) Chess.com INT 2021}) 19. Qc1 Ra7 20. Nf1 Nxe4 {[%emt 0:02:05] White must now prevent ...f5.} 21. Bxh6 $1 f5 {[%emt 0:10:16] Active counter play!} 22. Bg5 Nxg5 23. Rxe8+ Qxe8 24. Qxg5 g6 (24... Nxd5 25. Bxf5 Bxf5 26. Qxf5 $14) ({Better is} 24... Qe7 $11) 25. Ng3 (25. Ra3 $1 $14 Nxd5 26. Ne3) 25... Rg7 $36 {[%emt 0:01:12][%mdl 2048] Black is more active.} (25... Nxd5 $2 26. Bxf5 Qe7 27. Qxg6+ Qg7 28. Qxg7+ Kxg7 29. Bxc8 $18) 26. h4 Bc7 27. h5 gxh5 (27... Nxd5 $2 28. h6 Bd8 29. Qd2 $16) 28. Qd2 (28. Qc1 {simplifies} Qg6 29. Nh4 Qg5 30. Bxf5 Bxf5 31. Nhxf5 Qxc1+ 32. Rxc1 Rd7 33. Rd1) 28... Qg6 29. Ra3 {[%emt 0:00:01] [#]} (29. Nh4 $15 Qg5 30. Qxg5 Rxg5 31. Ngxf5 Bxf5 32. Bxf5) 29... Bd7 (29... Bd8 $1 $19 {aiming for ...h4.} 30. Qf4 Nxd5) 30. Bxf5 Bxf5 $17 31. Nh4 Qg5 32. f4 $2 ({White has to play} 32. Qxg5 $15 Rxg5 33. Ngxf5) 32... Qxh4 $19 33. Nxf5 Qf6 34. Nxg7 Kxg7 (34... Qxg7 35. Qe1 Kf8 36. Qe6 Qd4+ 37. Re3 Nxd5 38. Qh6+ Kg8 39. Qg6+ Kh8 40. Qh6+ Kg8 41. Qg6+ Kh8 42. Qh6+ Kg8 $11) 35. Rg3+ {[%emt 0:01:09] [#]} Kf8 $1 36. Kh2 (36. Rh3 $142) 36... Bd8 (36... Bxa5 $2 37. Qe2 Nxd5 38. Qxh5 $19) 37. f5 Qh4+ ({Much less strong is} 37... Qxf5 38. Rf3 $18) 38. Rh3 Bg5 {[%emt 0:00:53] Prevents Qh6+.} 39. Qe2 Qf4+ 40. Kh1 (40. g3 $142 Qxf5 41. Rxh5) 40... Qc1+ ({Inferior is} 40... Qxf5 41. Rf3 Bf4 42. g3 Nxd5 43. Kh2 $17) 41. Kh2 Qf4+ 42. Kh1 $1 Qc1+ ({Weaker is} 42... Qxf5 43. Rf3 Bf4 44. g3 Nxd5 45. gxf4 $15) 43. Kh2 Bf4+ 44. g3 Qd2 45. Qxd2 Bxd2 46. Rxh5 c4 {[%emt 0:00:00][%cal Od2c1] Strongly threatening ...Bc1!} 47. g4 Bc1 48. f6 Bxb2 49. g5 Nxd5 50. Rh8+ Kf7 {[%emt 0:00:00] And now ...c3 would win.} 51. Rh7+ Ke6 {[%emt 0:00:00] ( -> ...c3)} 52. f7 Ke7 {[%emt 0:00:00] Black mates.} 53. g6 Be5+ 54. Kg1 c3 55. Kf2 c2 56. Rh1 b4 57. Re1 b3 {[%emt 0:00:00] Weighted Error Value: White=0.83/Black=0.52} 0-1

[Event "16th Serbian Championship 2022"]
[Site "Bajina Basta"]
[Date "2022.12.08"]
[Round "3.5"]
[White "Ivanisevic, Ivan"]
[Black "Indjic, Aleksandar"]
[Result "0-1"]
[ECO "D40"]
[WhiteElo "2533"]
[BlackElo "2631"]
[Annotator "TA"]
[PlyCount "120"]
[EventDate "2022.12.06"]
[EventType "tourn"]
[EventCountry "SRB"]
[SourceTitle "playchess.com"]
[Source "ChessBase"]
[SourceQuality "1"]
[TimeControl "40/5400+30:1800+30"]

1. d4 Nf6 2. Nf3 d5 3. c4 e6 4. Nc3 c5 5. e3 a6 6. cxd5 exd5 7. Bd3 {[%emt 0:00:11] D40: Queen's Gambit Declined: Semi-Tarrasch with 5 e3.} Nc6 8. O-O Bg4 {[%emt 0:04:58] 8...Be7 is becoming the main line.} 9. Be2 {[%emt 0:07:20] The position is equal.} Bd6 10. dxc5 Bxc5 11. Nd4 Bc8 (11... Bxe2 {simplifies} 12. Ncxe2 O-O 13. b3 Nxd4 14. Nxd4 Ne4) 12. Nxc6 bxc6 13. e4 O-O 14. Bg5 {[%emt 0:03:24] [#] Threatening exd5.} Be7 $146 (14... Rb8 {with more complications.} 15. Rc1 h6 16. Bh4 Be7) ({Predecessor:} 14... dxe4 15. Qxd8 Rxd8 16. Nxe4 Be7 17. Nxf6+ Bxf6 18. Bxf6 gxf6 19. Rfd1 Bb7 20. Rac1 Kg7 21. Bf3 a5 22. h4 Kf8 {1-0 (41) Malyuga,V (2235)-Izyumsky,R Moscow 2007}) 15. exd5 cxd5 (15... Nxd5 {simplifies} 16. Bxe7 Qxe7 17. Nxd5 cxd5 18. Re1 Be6) 16. Bf3 Rb8 17. b3 d4 18. Na4 Rb5 19. Bh4 (19. Bd2 $11) 19... Bf5 20. Nb2 d3 {[%emt 0:10:04] Inhibits Be2.} 21. Nc4 $1 h6 22. Rc1 Qd4 23. Bg3 Bb4 {[%emt 0:10:31] Black has more active pieces.} ({Black should try} 23... Ne4 $17 {Hoping for ...Nxg3.} 24. Ne3 Nc3 25. Rxc3 Qxc3) 24. Ne3 $11 Bc3 {[%emt 0:00:25] Strongly threatening ...d2.} 25. a4 {[%emt 0:01:15] Against d2} Rc5 {[%emt 0:00:27] White must now prevent ...Bh7.} 26. Rxc3 $1 Qxc3 27. Bd6 {[%emt 0:00:04][%csl LRc5,LRf8] [#]} Bg6 $1 28. Bxc5 Qxc5 29. Qd2 {[%emt 0:00:16] Against Qc3} Rb8 $36 {[%emt 0:01:22][%mdl 2048] Keeping White busy.} 30. Rb1 a5 {[%emt 0:00:56] Prevents b4.} ({Black should play} 30... Ne4 $17 31. Bxe4 Bxe4) 31. h4 h5 (31... Ne4 {keeps more tension.} 32. Bxe4 Bxe4 33. Nc4 Rb4) 32. Nc4 $1 Qd4 33. Nxa5 {[%emt 0:08:28] Nc6 is the strong threat.} Qxh4 34. Nc6 (34. Nc4 $1 $11 {keeps the balance.}) 34... Re8 $17 {[%emt 0:00:09] Threatens to win with ...Ng4.} 35. g3 (35. Re1 $17 Ne4 36. Bxe4 Bxe4 37. Na5) 35... Qh3 $2 (35... Ne4 $1 $19 36. Qxd3 Qf6) 36. Re1 $11 Rxe1+ 37. Qxe1 Kh7 38. Ne7 {[%emt 0:02:03] Inhibits Qf5.} h4 $1 39. Nxg6 fxg6 {[%emt 0:00:20][%mdl 4096] Endgame KQB-KQN} 40. Qf1 $1 Qf5 41. Qd1 hxg3 42. fxg3 Qc5+ 43. Kf1 Qe3 44. a5 g5 45. g4 Nd7 {[%emt 0:00:42] And now ...Ne5 would win.} 46. a6 Ne5 47. Kg2 d2 {[%emt 0:10:03] Dancing on a razor blade.} 48. Qh1+ $2 {[%emt 0:08:06][%mdl 8192] [#]} (48. Qc2+ $11 Kh6 49. Bd1) 48... Kg8 $2 (48... Kg6 $1 $19 49. Bd1 Qe4+ 50. Kh2 Nxg4+ 51. Bxg4 Qxg4 52. Qc6+ Kh5 53. Qe8+ Kh6 54. Qc6+ g6) 49. Bd5+ (49. Bd1 $11) 49... Kf8 $19 50. Qf1+ Ke7 51. a7 Qxa7 (51... Nxg4 $2 52. a8=Q $18 (52. a8=B $2 d1=Q $19) (52. a8=B $2 d1=Q $19)) 52. Qf5 {[%emt 0:03:21] [#]} Qg1+ $3 53. Kxg1 d1=Q+ (53... d1=B {gets mated.} 54. Qxe5+ Kd7 55. Qe6+ Kd8 56. Bc6 Bxg4 57. Qd6+ Kc8 58. b4 Bf5 59. b5 g6 60. b6 Bh3 61. Qf8#) 54. Kh2 Qxd5 55. Qxg5+ Kf7 {[%emt 0:00:20] ( -> ...Nf3+)} 56. Qf5+ Ke8 57. Qh5+ (57. b4 $142) 57... Kd7 58. Qh7 $2 (58. Qf5+ $19 Ke8 59. Kg3) 58... Qd2+ {[%emt 0:00:24] Black mates.} ({Not} 58... Nxg4+ 59. Kg3 $17) 59. Kg3 Qe3+ 60. Kg2 Qf3+ {[%emt 0:00:15] Weighted Error Value: White=0.53/Black=0.41} ({Weaker is} 60... Nxg4 61. Qxg7+ Kd6 62. Qxg4 $11) (60... Qe2+ $142 61. Kh1 Qxg4 62. b4 Nf3 63. Qd3+ Kc7 64. Qf1 g5 65. Qc1+ Kd8 66. Qf1 Ke7 67. Qe2+ Kf8 68. Qh2 Nxh2 69. Kxh2 Qf3 70. Kg1 g4 71. b5 g3 72. b6 Qf2+ 73. Kh1 Qh2#) 0-1

[Event "16th Serbian Championship 2022"]
[Site "Bajina Basta"]
[Date "2022.12.09"]
[Round "4.1"]
[White "Martic, Ivan"]
[Black "Indjic, Aleksandar"]
[Result "0-1"]
[ECO "E16"]
[WhiteElo "2270"]
[BlackElo "2631"]
[Annotator "TA"]
[PlyCount "150"]
[EventDate "2022.12.06"]
[EventType "tourn"]
[EventCountry "SRB"]
[SourceTitle "playchess.com"]
[Source "ChessBase"]
[SourceQuality "1"]
[TimeControl "40/5400+30:1800+30"]

1. d4 Nf6 2. c4 e6 3. Nf3 Bb4+ 4. Bd2 a5 5. Nc3 b6 6. g3 Bb7 7. Bg2 d6 8. O-O Nbd7 9. Qc2 O-O {[%emt 0:00:58] [#]} 10. Bf4 $146 {[%emt 0:01:12] E16: Queen's Indian: 4 g3 Bb7 5 Bg2 Bb4+.} ({Predecessor:} 10. Rfe1 Bxc3 11. Bxc3 Be4 12. Qa4 Qb8 13. Nh4 Bxg2 14. Nxg2 Qb7 15. e4 e5 16. f3 c6 17. Qc2 b5 {½-½ (60) Korobov,A (2692)-Peralta,F (2591) Chennai 2022}) 10... Bxc3 11. Qxc3 Re8 12. Rad1 {[%emt 0:12:10] The position is equal.} h6 13. Rfe1 Qe7 14. b3 Be4 15. Bc1 c5 16. Bb2 a4 17. Bh3 axb3 18. axb3 Rab8 19. Ra1 b5 20. Ra7 bxc4 21. bxc4 Qd8 {[%emt 0:07:29] Prevents d5.} 22. Ba1 (22. Nd2 {seems wilder.} cxd4 23. Qxd4 Nc5 24. Bc3) 22... Bxf3 23. exf3 cxd4 24. Qxd4 Ne5 25. Ra3 Ra8 {[%emt 0:02:27] Against f4} 26. Rc3 (26. Ree3 $11) 26... Qa5 (26... Ra2 $15 27. Bg2 Qc7) 27. Bg2 Rec8 28. Rd1 Qxa1 29. f4 Ra3 30. Rxa1 Rxa1+ 31. Bf1 Rxc4 $1 {[%emt 0:00:08][%mdl 64] Pin} 32. Qd2 Ne4 $36 {[%emt 0:00:20][%csl LRc3,LRd2][%mdl 2048] White is under pressure. Pair of Knights!} 33. Qb2 Nf3+ 34. Rxf3 Rcc1 35. Kg2 Rxf1 36. g4 (36. Kh3 $1 $11 {and White stays safe.}) 36... h5 37. gxh5 (37. Kh3 $17) 37... Rg1+ $1 $19 38. Kh3 Ra5 {[%emt 0:00:20][%cal Ra5h5] Against h6} 39. Rg3 (39. Qb8+ $2 Kh7 40. Rg3 Nxf2+ 41. Kh4 Ra3 $3 $19 ) 39... Nxg3 {[%emt 0:02:34] The board is on fire.} 40. hxg3 Rxh5+ {[%emt 0:00:09][%mdl 4096] Endgame KQ-KRR} 41. Kg4 Rd5 (41... Rh2 $19 {And now ...f5+ would win.} 42. f5 exf5+ 43. Kxf5 Rgg2) 42. Kf3 ({Better is} 42. Qb8+ Kh7 43. Qc7) 42... Kh7 43. Qc2+ (43. Qb7 $17) 43... g6 $1 44. Qc7 Kg7 45. Qc3+ e5 46. f5 (46. Qc8 $17 {was worth a try.}) 46... gxf5 {[%emt 0:00:00][%cal Od5d3] Hoping for ...Rd3+!} 47. Qc8 e4+ $1 ({Worse is} 47... Rd3+ 48. Ke2 Rd4 49. Qxf5 $11) 48. Ke2 Rdd1 49. Ke3 {[%emt 0:00:00] [#]} Rde1+ (49... Rge1+ $1 $19 50. Kf4 Re2 51. Kxf5 Rd3) 50. Kd2 {[%emt 0:00:00] [#]} Rgf1 (50... e3+ $1 $17 51. fxe3 Rd1+ 52. Ke2 Rc1 53. Qxf5 Rxg3) 51. Qd8 $11 f6 (51... Rxf2+ $2 52. Kxe1 Rf3 53. Qxd6 $18) 52. Qe7+ Kg6 53. Qe8+ Kg5 {[%emt 0:00:11][%cal Og5g4] White must now prevent ...Kg4!} 54. Qg8+ Kh5 55. g4+ $2 {[%emt 0:02:01][%mdl 8192] Black converts the advantage convincingly.} (55. f3 $11) 55... fxg4 $19 56. Qh7+ Kg5 57. Qg7+ Kf5 {[%emt 0:00:07] Strongly threatening ...Rd1+.} 58. Qh7+ Ke6 59. Qg8+ Ke5 {[%emt 0:00:08] ...Rd1+ is the strong threat.} 60. Qxg4 Rd1+ $1 ({And not} 60... Rxf2+ 61. Kxe1 Rf3 62. Qg8 $11) 61. Kc2 Rd3 ({Not} 61... Rxf2+ 62. Kxd1 e3 63. Qh5+ Kd4 64. Qe8 $11) 62. Qh4 Rf3 63. Qh2+ Ke6 64. Qh7 R1xf2+ {[%emt 0:00:08] Black mates.} 65. Kc1 d5 66. Qg8+ Ke5 67. Qb8+ Kf5 68. Qc8+ Kf4 69. Qc7+ Kg4 70. Qd7+ Kg3 71. Qxd5 f5 72. Qg8+ Kh2 73. Qh7+ Kg1 74. Qg7+ Rg2 75. Qa7+ e3 {[%emt 0:00:26] Weighted Error Value: White=0.33/Black=0.15 (very precise)} 0-1